Map: Miner Evacuation

Players

NamroodTuo

  • Race: Zerg Zerg

Fozzie

  • Race: Terran Terran
  • Spawn Location: 7:00

VOD

Have the link to the VOD?

Description

Time

  • Played on: April 21, 2023, 1:47 p.m.
  • Length: 20:48
Show
View Real Time Build Order
Export as new Build Order

NamroodTuo Zerg 

Build Orders:  

Get SALT Encoding   

  12  0:21  Infested Barracks  
  12  0:34  Overlord  
  12  0:45  Infested SCV  
  12  0:47  Infested SCV  
  14  0:54  Infested SCV  
  15  1:02  Infested SCV  
  16  1:25  Infestation Level 1  
  16  1:45  Infested SCV  
  16  1:46  Infested Refinery  
  16  1:47  Infested SCV  
  18  1:50  Infested SCV  
  19  2:02  Overlord  
  19  2:19  Infested SCV  
  20  2:25  Infested SCV  
  20  2:27  Overlord  
  21  2:47  Infested Engineering Bay  
  21  2:49  Infested Barracks Tech Lab  
  21  2:55  Infested SCV  
  22  3:00  Infested SCV  
  23  3:29  Infested SCV, Infested Refinery  
  24  3:31  Overlord  
  24  4:05  Infestation Level 2  
  24  4:21  Infested SCV x3  
  24  4:28  Infested Marine  
  24  4:29  Infested Marine x3  
  31  4:30  Infested Marine x4  
  31  4:31  Infested Marine x3  
  31  4:34  Unknown  
  38  4:49  Retinal Augmentation  
  36  5:13  Infested SCV  
  36  5:15  Overlord  
  36  5:16  Infested SCV  
  32  5:23  Regenerative Plating  
  30  5:37  Infested Bunker  
  33  6:05  Anaerobic Enhancement  
  33  6:47  Infested Bunker  
  37  6:54  Infested Bunker  
  37  6:56  Plagued Munitions  
  41  7:00  Stukov Infantry Armor Level 1  
  41  7:34  Broodling Gestation  
  41  7:42  Infested SCV  
  42  8:07  Infested Factory  
  46  9:02  Infested Bunker  
  50  9:30  Infested Command Center  
  50  9:40  Stukov Infantry Weapons Level 1  
  50  9:53  Infested Bunker  
  50  9:56  Infested Armory  
  50  10:03  Infested SCV x3  
  50  10:04  Overlord  
  50  10:09  Infested SCV  
  54  10:42  Infested Marine  
  54  10:43  Infested Marine x8  
  63  10:50  Overlord x2  
  63  10:51  Overlord  
  67  11:20  Infested Bunker  
  67  11:33  Overseer  
  67  11:34  Overseer x2  
  58  12:09  Infested Bunker  
  58  12:19  Infested Marine  
  59  12:20  Stukov Infantry Armor Level 2, Infested Marine x8  
  59  12:23  Infested Command Center  
  59  12:28  Infested Bunker  
  71  12:36  Infested Bunker  
  71  12:46  Infested SCV x4  
  71  12:47  Infested SCV  
  76  12:53  Aggressive Incubation  
  72  13:10  Infested Marine  
  72  13:11  Infested Marine x12  
  74  14:03  Overlord x2  
  74  14:04  Overlord x2  
  70  14:21  Infested Marine x7  
  70  14:22  Infested Marine x11  
  89  14:32  Infested Bunker  
  89  14:35  Infested Bunker  
  89  14:48  Infested Marine  
  89  14:49  Infested Marine x6  
  96  14:51  Infested Marine  
  80  15:28  Infested SCV x3  
  80  15:29  Infested SCV x2  
  89  15:31  Infested Bunker  
  89  15:36  Overseer x3  
  89  15:43  Overlord x3  
  89  15:44  Overlord  
  89  15:50  Stukov Infantry Weapons Level 2  
  87  16:37  Infested Marine x9  
  87  16:38  Infested Marine x11  
  107  16:54  Infested SCV  
  107  16:55  Infested SCV x3, Infested Bunker  
  107  16:56  Infested Bunker  
  111  17:10  Infested Missile Turret  
  111  17:43  Infested Bunker  
  111  17:46  Infested SCV x2  
  111  17:47  Overlord, Infested SCV  
  116  18:11  Infested Marine  
  116  18:12  Infested Marine x8  
  116  18:13  Infested Marine x6  
  115  18:41  Infested Bunker  
  107  19:00  Infested Missile Turret  
  107  19:06  Infested Marine  
  107  19:07  Infested Marine x11  
  107  19:08  Infested Marine x3  
  119  19:31  Infested Bunker  
  119  19:35  Infested Bunker  
  117  20:14  Infested Marine x4  
  117  20:15  Infested Marine x9  
  117  20:18  Infested Bunker  
Show
View Real Time Build Order
Export as new Build Order

Fozzie Terran 

Build Orders:  

Get SALT Encoding   

  12  0:03  SCV  
  13  0:20  SCV  
  13  0:27  Supply Depot  
  14  0:37  SCV  
  15  0:48  Barracks  
  15  0:54  SCV  
  16  1:05  Refinery  
  16  1:10  SCV  
  17  1:28  Orbital Command  
  17  1:36  Supply Depot  
  17  1:55  Barracks  
  17  2:04  SCV  
  17  2:08  Barracks Tech Lab  
  18  2:21  SCV  
  19  2:32  Barracks Reactor  
  19  2:38  SCV  
  19  2:39  Supply Depot  
  20  2:41  Refinery  
  20  2:52  Marauder  
  20  2:55  SCV  
  23  3:00  Supply Depot  
  23  3:06  Medic  
  25  3:12  SCV  
  26  3:21  Marine x2, Marauder  
  26  3:29  SCV  
  31  3:40  Supply Depot  
  31  3:42  Marine, Medic  
  31  3:43  Marine  
  31  3:46  SCV  
  36  3:51  Unknown  
  36  4:03  SCV  
  37  4:14  Marine x2  
  37  4:15  Medic, Factory  
  41  4:20  SCV  
  41  4:26  Supply Depot  
  42  4:40  Marine  
  42  4:41  Marine  
  42  4:43  Marauder  
  46  4:53  Marine x2  
  48  5:02  Marauder  
  50  5:12  SCV  
  50  5:14  Medic  
  50  5:18  Factory Tech Lab  
  53  5:31  Medic  
  53  5:32  Marine x2  
  57  5:48  Marine  
  57  5:49  Marine, Medic  
  60  6:07  Siege Tank  
  60  6:16  Supply Depot  
  60  6:18  Supply Depot  
  63  6:29  SCV  
  64  6:49  Siege Tank  
  61  6:51  Marine x2  
  61  6:52  Marauder  
  66  7:15  Marine  
  66  7:16  Marine x2  
  69  7:26  Marine x3  
  71  7:36  Marine  
  65  8:29  SCV  
  62  8:41  Command Center  
  62  8:46  SCV  
  58  8:53  Siege Tank  
  58  8:54  Marine x2, Medic  
  65  9:03  SCV  
  65  9:04  Marine x2, Medic  
  57  9:20  SCV  
  70  9:22  Supply Depot  
  70  9:24  Supply Depot  
  70  9:29  Engineering Bay  
  71  9:32  Engineering Bay  
  71  9:33  Medic  
  71  9:34  Marine x2  
  71  9:36  SCV  
  65  9:43  Medic  
  65  9:44  Marine x2  
  61  9:53  SCV  
  61  9:59  Medic  
  62  10:06  Terran Infantry Weapons Level 1  
  62  10:09  Medic  
  64  10:10  SCV, Armory  
  64  10:15  Terran Infantry Armor Level 1  
  67  10:27  SCV  
  68  10:32  Siege Tank  
  68  10:34  Marine x2, Medic  
  75  11:07  Medic  
  75  11:08  Marine x2  
  69  11:10  Siege Tank  
  69  11:18  Marine x2, Medic  
  74  11:43  Marine, Medic  
  74  11:44  Marine  
  73  11:53  Medic  
  73  11:54  Marine x2  
  73  11:57  Orbital Command  
  73  11:58  SCV  
  78  12:09  Siege Tank  
  78  12:15  SCV  
  82  12:22  Stabilizer Medpacks  
  82  12:23  Marine x2  
  84  12:35  Firebat  
  86  12:41  SCV  
  86  12:46  SCV  
  86  12:47  Firebat  
  88  12:58  SCV  
  89  13:03  SCV  
  89  13:08  Marine  
  89  13:09  Marine x2  
  91  13:20  SCV x2  
  92  13:40  SCV x2  
  92  13:44  Marine x2  
  92  13:45  Medic  
  98  13:54  Marine  
  98  13:55  Marine, Medic  
  97  14:02  Missile Turret  
  97  14:05  Missile Turret  
  92  14:10  Marine x2, Firebat  
  96  14:20  Marine x2  
  96  14:23  Firebat  
  85  14:35  Marine, Firebat  
  85  14:36  Marine  
  80  14:46  Marine x2  
  80  14:48  Medic  
  80  14:49  Starport, Refinery, SCV x2  
  82  14:51  Starport, Refinery  
  82  14:56  Marine  
  73  15:06  SCV x2  
  75  15:17  Medic  
  75  15:18  Marine x2  
  75  15:23  SCV x2  
  75  15:27  Medic  
  75  15:28  Marine x2  
  81  15:34  Terran Infantry Weapons Level 2  
  85  15:40  SCV x2  
  85  15:45  Starport Tech Lab  
  85  15:46  Bunker  
  85  15:48  Marine x2  
  87  15:57  Starport Tech Lab  
  87  15:58  Marine x2  
  91  16:11  Supply Depot  
  91  16:12  Supply Depot  
  91  16:14  Supply Depot  
  91  16:16  SCV x2  
  93  16:46  Fusion Core  
  93  16:47  Terran Vehicle and Ship Weapons Level 1  
  93  16:48  Marine x2  
  93  16:49  Firebat  
  93  16:58  Marine x2  
  97  17:02  Firebat  
  101  17:20  Marine x2  
  101  17:21  Bunker, Medic  
  101  17:26  Bunker  
  105  17:30  Marine x2  
  105  17:31  Medic  
  109  18:09  Marine x2  
  109  18:12  Battlecruiser x2  
  123  18:30  Marine x2  
  123  18:32  Marine  
  126  18:40  Marine x2  
  126  18:43  Concussive Shells  
  126  18:45  Barracks  
  128  18:54  Battlecruiser  
  124  19:10  Battlecruiser  
  109  19:21  Marine x3  
  112  19:31  Marine x2  
  112  19:32  Marine  
  115  19:41  Marine  
  115  19:42  Marine x2  
  115  19:43  Battlecruiser  
  124  19:50  SCV  
  124  19:51  SCV, Marine  
  124  19:52  Marine x2  
  129  20:02  Marine x3  
  132  20:12  Marine x2  
Tags
 
Commander
RaynorStukov
Matchup
Co-op
Replay Pack
Multiplayer
Add a new tag
Caveats
  • Supply blocks, unpowered buildings, or Contaminate may cause inaccurate times.
  • Supply counts are checked every 10 seconds.